 Dungeon Crawl Stone Soup version 0.26-a0-612-gd4d190f45e (webtiles) character file.

Game seed: 12530317482720506737

429 DogServant the Grave Robber (level 6, -3/45 HPs)
             Began as a Mummy Necromancer on Sept 10, 2020.
             Killed from afar by an orc wizard (9 damage)
             ... with a puff of flame
             ... on level 3 of the Dungeon.
             The game lasted 00:15:43 (5203 turns).

DogServant the Grave Robber (Mummy Necromancer)     Turns: 5203, Time: 00:15:45

Health: -3/45      AC:  3    Str: 11    XL:     6   Next: 66%
Magic:  0/14       EV: 12    Int: 17    God:
Gold:   134        SH:  0    Dex: 12    Spells: 10/15 levels left

rFire    x . .     SeeInvis .   c - +0 dagger
rCold    + . .     Faith    .   (no shield)
rNeg     + + +     Spirit   .   a - +0 robe
rPois    ∞         Reflect  .   b - +1 hat
rElec    .         Harm     .   (no cloak)
rCorr    .                      (no gloves)
MR       .....                  (no boots)
Stlth    ++........             (no amulet)
HPRegen  0.15/turn              (no ring)
MPRegen  0.14/turn              (no ring)

@: no status effects
A: no potions, fire vulnerability, cold resistance 1, negative energy resistance
3, torment resistance, unbreathing
a: no special abilities


You were on level 3 of the Dungeon.
You visited 1 branch of the dungeon, and saw 4 of its levels.

You collected 134 gold pieces.

Inventory:

Hand Weapons
 c - a +0 dagger (weapon)
Armour
 a - a +0 robe (worn)
 b - a +1 hat (worn)
 f - a scarf of repulsion
Jewellery
 d - a cursed ring of teleportation
 e - an uncursed ring of poison resistance {unknown}
Scrolls
 i - 4 scrolls of identify
 k - a scroll of amnesia {unknown}


   Skills:
 + Level 2.3 Fighting
 + Level 1.6 Short Blades
 + Level 2.3 Dodging
 - Level 1.6 Stealth
 * Level 5.3 Spellcasting
 * Level 5.5 Necromancy


You had 10 spell levels left.
You knew the following spells:

 Your Spells              Type           Power        Failure   Level
a - Pain                  Necr           ###.         1%          1
b - Animate Skeleton      Necr           ###...       1%          1
c - Vampiric Draining     Necr           ###.......   4%          3

Your spell library contained the following spells:

 Spells                   Type           Power        Failure   Level
 Animate Dead             Necr           ###.......   14%         4
 Agony                    Necr           ###.....     36%         5


Dungeon Overview and Level Annotations

Branches:
Dungeon (4/15)
 Temple: D:4-7

Altars:
Hepliaklqana
Okawaru
The Shining One


Innate Abilities, Weirdness & Mutations

You do not drink.
Your flesh is vulnerable to fire.
You are immune to poison.
Your flesh is cold resistant. (rC+)
You are immune to negative energy. (rN+++)
You are immune to unholy pain and torment.
You can survive without breathing.


Message History

The orc wizard gestures at you while chanting.
The magic dart hits you.
* * * LOW HITPOINT WARNING * * *
The giant cockroach closely misses you.
Casting: Vampiric Draining (dangerous; 4% risk of failure)
Confirm with . or Enter, or press ? or * to list all spells.
Press: ? - help, Shift-Dir - straight line, f - orc wizard
Aim: an orc wizard, wielding a +0 dagger and wearing a +0 robe (purple smoke)
Okay, then.
The orc wizard looks braver for a moment.
Casting: Vampiric Draining (dangerous; 4% risk of failure)
Confirm with . or Enter, or press ? or * to list all spells.
Aiming: Vampiric Draining (dangerous; 4% risk of failure)
Press: ? - help, Shift-Dir - straight line, f - giant cockroach
Aim: a giant cockroach You kill the giant cockroach!
You feel life coursing into your body.
The orc wizard points at you and mumbles some strange words.
The puff of flame hits you! The fire burns you terribly!
You die...

..# #.# ..############## #.#
.......).......# ###.#
.#############.# #...# .# #.#
#.### .######## #.###### #.#
..ow.o..# #.##...######(#
#######.#
#.##.....(....###### #.#
#..@..!............. #.#
#...†.§############. #.#
##.##o§# #. #.# #.##§§# #.
#.#######.##§§# #.
#<##......§§§§# #.
##)##.####.###§###### #.
##...#.# #...§§§....# #.
#.###..####†###.####.#######.


You could see an orc wizard.

Vanquished Creatures
  7 orc priests
  An orc wizard (D:3)
  8 adders
  An ufetubus (D:3)
  4 worms
  4 dart slugs
  4 leopard geckos
  12 orcs
  A ball python (D:3)
  3 bats
  2 giant cockroaches
  7 goblins
  9 hobgoblins
  3 jackals (D:1)
  2 quokkas (D:3)
  5 frilled lizards (D:1)
  2 giant cockroach zombies (D:1)
  9 kobolds
  10 rats
94 creatures vanquished.

Vanquished Creatures (collateral kills)
  A worm (D:3)
1 creature vanquished.

Grand Total: 95 creatures vanquished

Notes
Turn   | Place    | Note
-------+----------+-------------------------------------------
     0 | D:1      | DogServant the Mummy Necromancer began the quest for the
                  | Orb.
     0 | D:1      | Reached XP level 1. HP: 13/13 MP: 4/4
   237 | D:1      | Reached XP level 2. HP: 17/20 MP: 4/6
   556 | D:1      | Learned a level 1 spell: Animate Skeleton
  1163 | D:1      | Reached XP level 3. HP: 25/25 MP: 0/7
  1514 | D:2      | Reached skill level 1 in Fighting
  2191 | D:2      | Reached XP level 4. HP: 28/32 MP: 7/9
  3284 | D:3      | Reached XP level 5. HP: 37/37 MP: 8/11
  3587 | D:3      | Reached skill level 1 in Short Blades
  3587 | D:3      | Reached skill level 5 in Necromancy
  4183 | D:3      | Found a glowing golden altar of the Shining One.
  4311 | D:3      | Found a hazy altar of Hepliaklqana.
  4530 | D:3      | Reached XP level 6. HP: 26/44 MP: 4/13
  4736 | D:3      | Reached skill level 5 in Spellcasting
  4920 | D:3      | Found an iron altar of Okawaru.
  5019 | D:3      | Learned a level 3 spell: Vampiric Draining
  5203 | D:3      | Killed from afar by an orc wizard

Illustrated notes

Levels and vault maps discovered:
D:1:      saegor_arrival_fortress, layout_loops_ring, feat_on_display
D:2:      layout_basic, nicolae_underground_beach
D:3:      layout_loops_ring, lemuel_crystal_altar,
          lemuel_coloured_pillars_altar, nicolae_overflow_hidden_temple
D:4:      layout_loops_ring, overflow_temple_1_default,
          overflow_temple_1_default, lemuel_crystal_altar,
          nicolae_alphabet_shops

Skill      XL: |  1  2  3  4  5  6 |
---------------+-------------------+-----
Spellcasting   | 3 4 5 |  5.3
Fighting       | 1 2 |  2.3
Short Blades   | 1 |  1.6
Necromancy     | 5 |  5.5
Dodging        | 2 |  2.3
Stealth        | |  1.6

Action                   |  1- 3 |  4- 6 || total
-------------------------+-------+-------++-------
Melee: Unarmed           |    24 |       ||    24
       Dagger            |    40 |    25 ||    65
 Cast: Pain              |    73 |   146 ||   219
       Animate Skeleton  |     4 |     6 ||    10
       Vampiric Draining |       |     5 ||     5
  Use: Scroll            |     2 |     4 ||     6
 Stab: Sleeping          |     1 |     1 ||     2
Armor: Robe              |    19 |    15 ||    34
Dodge: Dodged            |    44 |    52 ||    96

Table legend: (Time is in decaauts)
 A = Elapsed time spent in this place.
 B = Non-inter-level travel time spent in this place.
 C = Inter-level travel time spent in this place.
 D = Time resting spent in this place.
 E = Time spent auto-exploring this place.
 F = Levels seen in this place.
 G = Mean time per level.
                   A        B        C        D        E       F      G
               +--------+--------+--------+--------+--------+-----+--------+
         Total |   5203 |   5068 |    135 |    861 |   3411 |   4 | 1300.8 |
       Dungeon |   5203 |   5068 |    135 |    861 |   3411 |   4 | 1300.8 |
               +--------+--------+--------+--------+--------+-----+--------+

Top non-repeatable levels by time:
     D:3: 2192 daAuts
     D:1: 1498 daAuts
     D:2: 1494 daAuts
     D:4: 19 daAuts
